[Event "45th FIDE Womens Olympiad 2024"]
[Site "Budapest"]
[Date "2024.09.15"]
[Round "5.38"]
[White "Berzina, Ilze"]
[Black "Salimova, Nurgyul"]
[Result "0-1"]
[ECO "C73"]
[WhiteElo "2200"]
[BlackElo "2412"]
[Annotator "TA"]
[PlyCount "64"]
[EventDate "2024.09.05"]
[EventType "team-tourn"]
[EventCountry "HUN"]
[SourceTitle "playchess.com"]
[Source "ChessBase"]
[SourceQuality "1"]
[WhiteTeam "Latvia"]
[BlackTeam "Bulgaria"]
[WhiteTeamCountry "LAT"]
[BlackTeamCountry "BUL"]
[TimeControl "40/5400+30:1800+30"]

1. e4 e5 2. Nf3 Nc6 3. Bb5 a6 4. Ba4 d6 5. Bxc6+ bxc6 6. d4 exd4 7. Nxd4 c5 8. Nf3 g6 9. Bg5 Qd7 10. Nc3 {The position is equal.} Bg7 11. Qd2 Rb8 12. Rb1 h6 13. Bf4 g5 14. Bg3 Ne7 15. O-O f5 16. exf5 O-O 17. h4 g4 (17... Nxf5 $6 18. hxg5 Rb4 19. Nd5 $11) 18. Nh2 (18. Ne1 $17) 18... Nxf5 $19 19. Nd5 Bb7 (19... Bxb2 $2 {too greedy.} 20. c3 $18 (20. Nxg4 Nxg3 21. fxg3 Rxf1+ 22. Rxf1 Qxg4 $11)) 20. c4 (20. Nf4 $17) 20... Bd4 {This pair of bishops is nice.} 21. Kh1 Bxd5 22. cxd5 Qg7 23. b3 Rbe8 24. Qd3 h5 25. Rbe1 Qf7 26. Rxe8 Rxe8 27. Qd2 Qxd5 28. Qg5+ Bg7 {aiming for ...Nxg3+.} 29. Bf4 Kf8 {Threatens to win with ...Qf7.} 30. f3 (30. Qxh5 $2 {perishes.} Ng3+ 31. fxg3 Qxh5 $19) (30. Bg3 $142) 30... g3 {Black is clearly winning.} 31. Bxg3 (31. Qxh5 $142 gxh2 32. Kxh2) 31... Qf7 {[#] Hoping for ...Bh6.} 32. Re1 Bh6 {White got outplayed after the opening.   Weighted Error Value: White=0.65/Black=0.09 (flawless) .  Mistake:       	White=4     	---        Inaccurate:     	White=2     	Black=1      OK:         	White=5     	Black=12     Best:        	White=1     	Black=3} 0-1

[Event "45th FIDE Womens Olympiad 2024"]
[Site "Budapest"]
[Date "2024.09.15"]
[Round "5.38"]
[White "Oyenga, Justine Anassika"]
[Black "Moreno Mora, Milaydes Lourdes"]
[Result "0-1"]
[ECO "B50"]
[WhiteElo "1503"]
[BlackElo "1694"]
[PlyCount "128"]
[EventDate "2024.09.05"]
[EventType "team-tourn"]
[EventCountry "HUN"]
[WhiteTeam "Togo"]
[BlackTeam "Aruba"]
[WhiteTeamCountry "TOG"]
[BlackTeamCountry "ARN"]
[TimeControl "40/5400+30:1800+30"]

1. e4 c5 2. Nf3 d6 3. Nc3 Nf6 4. Bc4 a6 5. Ng5 e6 6. O-O h6 7. Nf3 Be7 8. d4 cxd4 9. Nxd4 b5 10. Bb3 b4 11. Ba4+ Bd7 12. Bxd7+ Qxd7 13. Nce2 Nxe4 14. c3 bxc3 15. Nxc3 Nxc3 16. bxc3 Nc6 17. Bb2 Nxd4 18. cxd4 d5 19. Re1 O-O 20. Re3 Rfc8 21. Ba3 Bxa3 22. Rxa3 Rc4 23. Rb1 Qa7 24. Rd3 Rb8 25. Rxb8+ Qxb8 26. g3 Qb2 27. Rd2 Rc1 28. Rxb2 Rxd1+ 29. Kg2 Rxd4 30. Rb8+ Kh7 31. Kf1 Rd2 32. a3 Rd3 33. a4 Rd4 34. a5 Ra4 35. Rb7 Kg6 36. Ke2 Rxa5 37. f3 Ra2+ 38. Ke3 Rxh2 39. Rb6 Ra2 40. f4 a5 41. g4 Ra3+ 42. Kd4 Ra4+ 43. Ke3 Re4+ 44. Kf3 f5 45. gxf5+ Kxf5 46. Ra6 Rxf4+ 47. Ke3 a4 48. Ra8 Re4+ 49. Kd3 g5 50. Rf8+ Kg4 51. Rf1 a3 52. Rg1+ Kf3 53. Rf1+ Kg2 54. Ra1 Rf4 55. Ra2+ Kg3 56. Kc3 e5 57. Ra1 Rf3+ 58. Kb4 h5 59. Ka4 h4 60. Kb5 h3 61. Kc5 h2 62. Kxd5 Kg2 63. Ra2+ Kg1 64. Ra1+ Rf1 {0-} 0-1

[Event "45th FIDE Womens Olympiad 2024"]
[Site "Budapest"]
[Date "2024.09.15"]
[Round "5.39"]
[White "Radeva, Viktoria"]
[Black "Ter-Avetisjana, Agnesa Stepania"]
[Result "1/2-1/2"]
[ECO "B11"]
[WhiteElo "2297"]
[BlackElo "2134"]
[Annotator "TA"]
[PlyCount "72"]
[EventDate "2024.09.05"]
[EventType "team-tourn"]
[EventCountry "HUN"]
[SourceTitle "playchess.com"]
[Source "ChessBase"]
[SourceQuality "1"]
[WhiteTeam "Bulgaria"]
[BlackTeam "Latvia"]
[WhiteTeamCountry "BUL"]
[BlackTeamCountry "LAT"]
[TimeControl "40/5400+30:1800+30"]

1. e4 c6 2. Nc3 d5 3. Nf3 Bg4 4. h3 Bxf3 5. Qxf3 e6 6. Be2 Bc5 7. Qg3 Bd4 8. exd5 exd5 {The position is equal.} 9. O-O Nd7 10. Bd1 Ne7 11. Ne2 Be5 12. Qf3 Ng6 13. d4 Bc7 14. c3 O-O 15. Bc2 Nf6 16. Bg5 Qd6 $1 17. g3 {Active counter play!} Ne4 $1 18. Be3 Rae8 19. Rfe1 (19. Rae1 $11) 19... f5 20. Nf4 Qd7 21. h4 Nh8 ({Better is} 21... Nxf4 $15 22. Bxf4 Re6) 22. Kg2 Nf7 23. Nd3 g6 24. Bf4 Bb6 25. Qd1 Nf6 26. Ne5 Qc8 27. Nxf7 Rxf7 28. Qd2 Ne4 29. Qd3 Bc7 30. Qf3 Rfe7 31. Re3 Nd2 32. Qe2 (32. Rxe7 $1 $11 Nxf3 33. Rxc7) 32... Rxe3 $15 {Black is slightly better.} 33. Bxe3 {A strong pair of Bishops.} Nc4 {[#] And now ...f4 would win.} 34. Qf3 Nxe3+ 35. fxe3 Qe6 36. Re1 h5 {Weighted Error Value: White=0.11 (very precise) /Black=0.09 (flawless) .  Mistake:       	White=2     	Black=1      Inaccurate:     	White=2     	Black=1      OK:         	White=13    	Black=13     Best:        	---       	Black=2      Strong:       	---       	Black=2} 1/2-1/2

[Event "45th FIDE Womens Olympiad 2024"]
[Site "Budapest"]
[Date "2024.09.15"]
[Round "5.39"]
[White "Aponte, Samantha"]
[Black "Kponsou, Afiwa"]
[Result "1/2-1/2"]
[ECO "B06"]
[WhiteElo "1454"]
[BlackElo "1453"]
[PlyCount "65"]
[EventDate "2024.09.05"]
[EventType "team-tourn"]
[EventCountry "HUN"]
[WhiteTeam "Aruba"]
[BlackTeam "Togo"]
[WhiteTeamCountry "ARN"]
[BlackTeamCountry "TOG"]
[TimeControl "40/5400+30:1800+30"]

1. e4 g6 2. Nf3 Bg7 3. Bc4 e6 4. d3 c6 5. c3 d5 6. exd5 cxd5 7. Bb3 Nc6 8. d4 b5 9. a3 a5 10. O-O Nge7 11. Nbd2 O-O 12. Re1 Nf5 13. Nf1 Qb6 14. Bc2 Bb7 15. Ne3 Nxe3 16. Bxe3 Qc7 17. Qd2 Ne7 18. Bh6 Rac8 19. Bxg7 Kxg7 20. Rac1 h6 21. Ne5 f5 22. Re3 g5 23. Qe2 Ba6 24. Qh5 Rf6 25. h3 Qd8 26. Bd3 Qe8 27. Qxe8 Rxe8 28. Rce1 f4 29. Rf3 Nf5 30. Ng4 Nh4 31. Nxf6 Nxf3+ 32. gxf3 Kxf6 33. a4 1/2-1/2

[Event "45th FIDE Womens Olympiad 2024"]
[Site "Budapest"]
[Date "2024.09.15"]
[Round "5.40"]
[White "Krumina, Linda"]
[Black "Krasteva, Beloslava"]
[Result "1-0"]
[ECO "D05"]
[WhiteElo "2091"]
[BlackElo "2295"]
[Annotator "TA"]
[PlyCount "97"]
[EventDate "2024.09.05"]
[EventType "team-tourn"]
[EventCountry "HUN"]
[SourceTitle "playchess.com"]
[Source "ChessBase"]
[SourceQuality "1"]
[WhiteTeam "Latvia"]
[BlackTeam "Bulgaria"]
[WhiteTeamCountry "LAT"]
[BlackTeamCountry "BUL"]
[TimeControl "40/5400+30:1800+30"]

1. d4 Nf6 2. Nf3 e6 3. e3 b6 4. Bd3 Bb7 5. O-O d5 6. b3 Bd6 7. Bb2 O-O 8. Ne5 c5 9. Nd2 Nc6 10. f4 Rc8 11. a3 Ne7 {The position is equal.} 12. Qf3 {[#] Repels Ne4} b5 $1 13. Bxb5 (13. c3 c4) 13... cxd4 14. Bxd4 Rxc2 15. Qd1 Rc8 16. b4 Nf5 {[#] ...Nxd4 would now be deadly.} 17. Nb3 ({Don't play} 17. Bxa7 Ra8 18. Bd4 Nxd4 19. exd4 Qb6 $17) 17... Ne4 18. Rc1 Rxc1 19. Qxc1 f6 20. Nd7 Rf7 21. Nbc5 Bxc5 22. Nxc5 Bc8 23. Qb2 Ned6 24. Bd3 Nc4 25. Bxc4 dxc4 26. Rc1 {White is more active.} Qd5 (26... e5 $14 27. fxe5 fxe5 28. Bxe5 Nxe3) 27. Qc3 ({White should play} 27. Rd1 $16) 27... Nd6 $14 28. Qc2 e5 29. Bc3 {Black must now prevent Rd1.} exf4 30. Rd1 Qc6 31. exf4 Re7 32. a4 Bg4 33. Re1 {Against Re2} Qe8 34. Rxe7 Qxe7 35. Qd2 {Wards off Qe3+} Kf7 36. Qd5+ Be6 {Black is weak on the dark squares} (36... Kg6 $5 37. Qd2 h6 $15) 37. Qh5+ Kf8 38. Qe2 Bd5 39. Qd2 Bc6 40. b5 Nb7 $2 {[%mdl 8192] Loses the game.} (40... Nxb5 $11 41. Bb4 c3) 41. Nxb7 $18 Qxb7 {[%mdl 4096] Endgame. KQB-KQB} 42. Qd6+ Qe7 43. Qxe7+ ({Worse is} 43. Qxc6 Qe3+ 44. Kf1 Qd3+ 45. Kf2 Qc2+ 46. Kf1 Qd3+ 47. Kf2 Qc2+ 48. Kf1 Qd3+ $11) 43... Kxe7 44. bxc6 {KB-KP} Kd6 45. f5 Kxc6 46. Kf2 h5 47. Ke3 {White mates.} Kd5 48. h4 a6 49. g3 {Weighted Error Value: White=0.09 (flawless) /Black=0.27 (precise) .  Loses game:     	---       	Black=1      Mistake:       	White=1     	Black=1      Inaccurate:     	White=3     	Black=4      OK:         	White=15    	Black=14     Best:        	White=1     	Black=2} 1-0

[Event "45th FIDE Womens Olympiad 2024"]
[Site "Budapest"]
[Date "2024.09.15"]
[Round "5.41"]
[White "Daulyte-Cornette, Deimante"]
[Black "Alinasab, Mobina"]
[Result "1/2-1/2"]
[ECO "B41"]
[WhiteElo "2369"]
[BlackElo "2336"]
[Annotator "TA"]
[PlyCount "81"]
[EventDate "2024.09.05"]
[EventType "team-tourn"]
[EventCountry "HUN"]
[SourceTitle "playchess.com"]
[Source "ChessBase"]
[SourceQuality "1"]
[WhiteTeam "France"]
[BlackTeam "Iran"]
[WhiteTeamCountry "FRA"]
[BlackTeamCountry "IRI"]
[TimeControl "40/5400+30:1800+30"]

1. e4 c5 2. Nf3 e6 3. d4 cxd4 4. Nxd4 a6 5. Be2 Nf6 6. Nc3 Bb4 7. e5 Ne4 8. O-O Nxc3 9. bxc3 Bxc3 10. Ba3 Qa5 11. Bd6 {[%cal Oe2h5] aiming for Bh5!} Nc6 12. Nxc6 dxc6 {[#]} 13. f4 Bxa1 14. Qxa1 Qd2 15. Rf2 Qe3 16. Bf3 {A strong pair of Bishops.} Bd7 (16... Qxf4 $2 17. Bxc6+ bxc6 18. Rxf4 $18) 17. c4 $1 b5 (17... Qxf4 $6 18. Bxc6 $14) 18. c5 a5 19. a4 {Strongly threatening axb5.} b4 (19... Qxf4 $2 20. axb5 (20. Bxc6 Qxf2+ 21. Kxf2 Bxc6 $18) 20... Qb4 21. bxc6 $18) 20. g3 (20. f5 $1 $15) 20... h5 21. h4 Rh6 (21... Qd3 $17 22. f5 Qc4 (22... exf5 $2 23. e6 $18) (22... Qxf5 23. Kh2 $11)) 22. Kg2 (22. Qf1 $1 $15 {should be considered.}) 22... Rg6 $17 23. Qb1 Kd8 (23... Qxf4 $2 {perishes.} 24. Qxg6 fxg6 25. gxf4 $18) 24. Qe4 (24. Re2 $15 Qxf4 25. Qxg6 Qxf3+ 26. Kxf3 fxg6 27. Rf2) 24... Qxe4 25. Bxe4 {[#]} Ra7 $1 26. Rb2 {[#]} (26. Bxg6 fxg6) 26... Ke8 $1 27. Rb3 {[#]} (27. Bb8 $17 {keeps fighting.} Rb7 28. Bd6) (27. Bxg6 fxg6) 27... Rh6 $1 $19 ({Don't do} 27... Rg4 28. Bf3 $17) 28. Kf2 f6 29. Ke3 Kf7 30. Kd4 Rh8 31. Kc4 Rc8 32. Re3 Rh8 $2 (32... Rca8 $19 {...f5 would now be deadly.} 33. Bf3 Rh8) 33. Kb3 $2 (33. Rb3 $1 $11 {and White stays safe.}) 33... f5 34. Bf3 Rh6 35. Rd3 Rh8 36. Re3 $1 g6 37. Rd3 Rc8 38. Rd4 Be8 39. Be2 Rd8 40. Bf3 Rc8 41. Be2 $1 {Weighted Error Value: White=0.20 (precise) /Black=0.27 (precise) .  Loses game:     	White=1     	---        Missed win:     	---       	Black=1      Mistake:       	White=4     	Black=1      Inaccurate:     	White=1     	Black=1      OK:         	White=13    	Black=9      Best:        	White=2     	Black=1      Strong:       	White=3     	---} 1/2-1/2

[Event "45th FIDE Womens Olympiad 2024"]
[Site "Budapest"]
[Date "2024.09.15"]
[Round "5.41"]
[White "Asha, Huang Limboo"]
[Black "Saiful Azmi, Nur Farzana"]
[Result "1-0"]
[ECO "B18"]
[WhiteElo "1420"]
[BlackElo "1533"]
[PlyCount "83"]
[EventDate "2024.09.05"]
[EventType "team-tourn"]
[EventCountry "HUN"]
[WhiteTeam "Bhutan"]
[BlackTeam "Brunei Darussalam"]
[WhiteTeamCountry "BTN"]
[TimeControl "40/5400+30:1800+30"]

1. e4 c6 2. Nc3 d5 3. d4 dxe4 4. Nxe4 Bf5 5. f3 h5 6. Bc4 e6 7. a3 Nd7 8. Be3 Ngf6 9. Nxf6+ Nxf6 10. Nh3 Qd7 11. Bb3 O-O-O 12. Qd2 b6 13. O-O-O Be7 14. Qe2 Kb7 15. Ng5 Bg6 16. Bf4 Nd5 17. Bxd5 cxd5 18. c3 Rc8 19. Qe3 Qa4 20. Rd2 Bxa3 21. Rg1 Qb4 22. Kd1 Qb3+ 23. Ke2 Bxb2 24. c4 Qxc4+ 25. Kf2 Bc3 26. Rdd1 Bc2 27. Nxf7 Bxd1 28. Nd6+ Ka6 29. Nxc4 Rxc4 30. Rxd1 Kb7 31. Qxe6 Rd8 32. Qe7+ Kc8 33. Be5 a5 34. Rb1 Rd7 35. Qe8+ Rd8 36. Qe6+ Rd7 37. Rxb6 Bxd4+ 38. Bxd4 Rxd4 39. Rc6+ Kd8 40. Qg8+ Ke7 41. Qxg7+ Kd8 42. Qxd4 1-0

[Event "45th FIDE Womens Olympiad 2024"]
[Site "Budapest"]
[Date "2024.09.15"]
[Round "5.42"]
[White "Azali, Tannaz"]
[Black "Milliet, Sophie"]
[Result "0-1"]
[ECO "E51"]
[WhiteElo "2125"]
[BlackElo "2348"]
[Annotator "TA"]
[PlyCount "94"]
[EventDate "2024.09.05"]
[EventType "team-tourn"]
[EventCountry "HUN"]
[SourceTitle "playchess.com"]
[Source "ChessBase"]
[SourceQuality "1"]
[WhiteTeam "Iran"]
[BlackTeam "France"]
[WhiteTeamCountry "IRI"]
[BlackTeamCountry "FRA"]
[TimeControl "40/5400+30:1800+30"]

1. d4 Nf6 2. c4 e6 3. Nc3 Bb4 4. Bd2 O-O 5. Nf3 d5 6. e3 Re8 7. Rc1 a6 8. Qc2 Nbd7 {The position is equal.} 9. c5 e5 {Hoping for ...exd4.} 10. a3 Bxc3 11. Bxc3 e4 12. Ng1 Nf8 13. h4 Ng4 14. g3 Qf6 15. Bg2 Bd7 16. a4 {[#] White is weak on the light squares. Black converts the advantage convincingly.} (16. Nh3 $15) 16... Bxa4 $1 $19 17. Qd2 Bb5 18. Nh3 Ne6 19. Qd1 h5 20. Qb3 (20. Nf4 $142) 20... Rad8 21. Rc2 Qg6 22. Kd1 (22. Bd2 $142) 22... b6 23. cxb6 c5 ({But not} 23... cxb6 24. Kc1) 24. Rd2 (24. Nf4 {is a better chance.} Nxf4 25. gxf4 Qxb6 26. Qa3) 24... cxd4 25. Bxd4 Nxd4 26. Rxd4 Qxb6 {[%cal Ob5e2] ...Be2+! would now be deadly.} 27. Kd2 Rc8 28. Ra1 {Prevents Qa5+} Qc6 (28... Qf6 $142 29. Nf4 Bc4 (29... Nxf2 $2 30. Nxh5 Qg6 31. Qxd5 $19)) 29. Ke1 Ne5 30. Nf4 Bc4 31. Qa4 Qb7 32. Qa3 Rb8 33. Rd2 Qc8 34. Rc1 Qf5 35. Qc3 Rec8 $2 (35... Rb3 $19 36. Qd4 Rb5) 36. Qd4 (36. Bh3 $17 Ng4 37. Rdc2) 36... Nc6 (36... a5 $142 {Strongly threatening ...Bb3.} 37. Rdd1 Kh7) 37. Qc3 (37. Qc5 {is the only way for White.} Ne5 38. Qd6) 37... Rb3 38. Qxb3 (38. Qc2 Rcb8 39. Bxe4 Qxe4 (39... dxe4 40. Qxc4 Ne5 41. Rd5 $11) 40. Qxe4 dxe4 41. Rxc4) 38... Bxb3 39. Bh3 {[#]} Qf6 40. Bxc8 Ne5 {And now ...Nf3+ would win.} 41. Re2 Nf3+ 42. Kf1 Bc4 {Black is clearly winning.} 43. Rxc4 dxc4 44. Bb7 Qd6 45. Bd5 Qb4 {...c3 is the strong threat.} 46. Nxh5 c3 {Threatens to win with ...Qb5.} 47. b3 Qb5 {Weighted Error Value: White=0.81/Black=0.49.  Loses game:     	White=1     	---        Missed win:     	---       	Black=1      Mistake:       	White=6     	Black=2      Inaccurate:     	White=5     	Black=1      OK:         	White=6     	Black=11     Best:        	White=1     	Black=2      Brilliant:      	---       	Black=1} 0-1

[Event "45th FIDE Womens Olympiad 2024"]
[Site "Budapest"]
[Date "2024.09.15"]
[Round "5.43"]
[White "Guichard, Pauline"]
[Black "Karimi, Setayesh"]
[Result "1/2-1/2"]
[ECO "D85"]
[WhiteElo "2374"]
[BlackElo "2105"]
[Annotator "TA"]
[PlyCount "94"]
[EventDate "2024.09.05"]
[EventType "team-tourn"]
[EventCountry "HUN"]
[SourceTitle "playchess.com"]
[Source "ChessBase"]
[SourceQuality "1"]
[WhiteTeam "France"]
[BlackTeam "Iran"]
[WhiteTeamCountry "FRA"]
[BlackTeamCountry "IRI"]
[TimeControl "40/5400+30:1800+30"]

1. d4 Nf6 2. c4 g6 3. Nc3 d5 4. cxd5 Nxd5 5. Bd2 Bg7 6. e4 Nb6 7. Be3 O-O 8. a4 a5 9. h3 Nc6 10. Nf3 f5 11. exf5 Bxf5 12. Be2 Nb4 13. Rc1 {Prevents Nc2+.} c6 14. O-O Qd6 15. Qd2 Rad8 16. Rfd1 Rfe8 17. Bf4 (17. Bg5 $14) 17... e5 $1 $11 18. Nxe5 Bxe5 (18... Qf8 $5 19. Nf3 Rd7 $14) 19. dxe5 Qxd2 20. Rxd2 Rxd2 21. Bxd2 Rxe5 22. Be3 N6d5 (22... N4d5 $1 $11) 23. Bc4 $16 Nd3 24. Bd4 ({Reject} 24. Nxd5 $6 Nxc1 25. f4 (25. Ne7+ $2 Kf8 $17) 25... cxd5 $11 (25... Rxd5 26. Bxc1 Be6 27. Bxd5 $11)) ({White should play} 24. Rb1 $16) 24... Re7 (24... Nxc1 $11 {keeps the balance.} 25. Bxe5 Bd3 26. Bxd5+ cxd5) 25. Nxd5 cxd5 26. Bxd5+ {This pair of bishops is nice.} Kf8 27. Rc3 (27. Rc4 $16) 27... Rd7 $1 $11 28. Bc5+ $1 (28. Rc8+ Ke7 29. Bc5+ Nxc5 30. Rxc5 b6 $19) 28... Nxc5 $1 29. Rxc5 {[%mdl 4096] Endgame. KRB-KRB} b6 30. Rc8+ Ke7 (30... Kg7 $11 31. Rg8+ Kf6) 31. Bf3 $1 $14 Rd1+ 32. Bxd1 $16 Bxc8 {KB-KB} 33. Bc2 Kd6 $2 (33... Bd7 $16) 34. f4 $18 Kd5 35. Kf2 Kd4 36. g4 {[#] Kg3 would now be deadly.} Be6 $2 (36... Kd5 37. Kg3 Ke6) 37. Kg3 Bf7 38. Kh4 Ke3 39. f5 $2 (39. Kg5 $18 Kd2 40. Be4) 39... Kf4 $11 {[%csl Gf4][%cal Rg6g5] [#] The position is equal.} 40. fxg6 hxg6 41. g5 Be8 42. Bb1 Bf7 43. Bd3 Be8 44. Bb1 Bf7 45. Bc2 Be8 46. Bb3 Bd7 47. Bc2 Be8 {Black defended with fortune.   Weighted Error Value: White=0.30/Black=0.24 (precise) .  Loses game:     	---       	Black=1      Mistake:       	White=3     	Black=5      Inaccurate:     	White=2     	Black=2      OK:         	White=10    	Black=13     Best:        	White=6     	Black=2      Strong:       	White=2     	Black=3} 1/2-1/2

[Event "45th FIDE Womens Olympiad 2024"]
[Site "Budapest"]
[Date "2024.09.15"]
[Round "5.43"]
[White "Yeshey, Lhaden"]
[Black "Redzuan, Nur Ainul Mardhiah"]
[Result "0-1"]
[ECO "D00"]
[WhiteElo "1514"]
[BlackElo "1481"]
[PlyCount "106"]
[EventDate "2024.09.05"]
[EventType "team-tourn"]
[EventCountry "HUN"]
[WhiteTeam "Bhutan"]
[BlackTeam "Brunei Darussalam"]
[WhiteTeamCountry "BTN"]
[TimeControl "40/5400+30:1800+30"]

1. d4 d5 2. Bf4 Nf6 3. e3 c5 4. Bb5+ Nc6 5. dxc5 e6 6. Bxc6+ bxc6 7. b4 a5 8. c3 g6 9. Nf3 Bg7 10. Ne5 Bb7 11. O-O O-O 12. Nd2 Nd7 13. Ndf3 f6 14. Nxd7 Qxd7 15. Bd6 Rfe8 16. Re1 e5 17. e4 Qe6 18. exd5 Qxd5 19. Qc2 f5 20. Rad1 Qe6 21. Nxe5 Bxe5 22. Rxe5 Qc4 23. Rde1 Rxe5 24. Rxe5 axb4 25. h3 Rxa2 26. Re8+ Kg7 27. Re7+ Kf6 28. Qc1 Ba6 29. Qe3 Re2 30. Qh6 Rxe7 31. Bxe7+ Kxe7 32. Qxh7+ Kf6 33. Qh8+ Kg5 34. Qd8+ Kf4 35. Qd6+ Kg5 36. f4+ Qxf4 37. Qxf4+ Kxf4 38. cxb4 Ke4 39. Kf2 Kd4 40. Kf3 Kc4 41. Kf4 Kxb4 42. Kg5 Kxc5 43. Kxg6 Bf1 44. Kxf5 Bxg2 45. h4 Bf3 46. Kf4 Bd1 47. Ke3 Bh5 48. Kd3 Kb4 49. Kd4 c5+ 50. Kd5 c4 51. Kd4 Kb3 52. Ke3 c3 53. Kd3 Kb2 {0-} 0-1

[Event "45th FIDE Womens Olympiad 2024"]
[Site "Budapest"]
[Date "2024.09.15"]
[Round "5.44"]
[White "Hamedi Nia, Vesal"]
[Black "Benmesbah, Natacha"]
[Result "0-1"]
[ECO "D03"]
[WhiteElo "1986"]
[BlackElo "2258"]
[Annotator "TA"]
[PlyCount "104"]
[EventDate "2024.09.05"]
[EventType "team-tourn"]
[EventCountry "HUN"]
[SourceTitle "playchess.com"]
[Source "ChessBase"]
[SourceQuality "1"]
[WhiteTeam "Iran"]
[BlackTeam "France"]
[WhiteTeamCountry "IRI"]
[BlackTeamCountry "FRA"]
[TimeControl "40/5400+30:1800+30"]

1. d4 Nf6 2. Nf3 g6 3. Bg5 Bg7 4. Nbd2 d5 5. e3 O-O 6. a4 {[#]} c5 $1 7. c3 cxd4 8. exd4 {The position is equal.} Nc6 9. Bd3 Nh5 10. O-O Qc7 11. Re1 Kh8 12. Nf1 (12. Rc1 $14) 12... f6 $1 $11 13. Bh4 e5 14. Be2 (14. dxe5 $11 fxe5 15. Ne3) 14... e4 15. N3d2 Nf4 16. Bg3 g5 {Black has more active pieces.} 17. Ne3 {Threatens to win with Nxd5.} Qf7 18. Bb5 f5 19. Qb3 {Black continues to play with concentration.} ({Better is} 19. f3 $15) 19... Be6 $17 20. Nc2 (20. f3 $17) 20... Nd3 $19 21. Bd6 Rfd8 ({Don't take} 21... Na5 22. Qa3 Nxe1 23. Rxe1) 22. Ba3 Nxe1 23. Rxe1 f4 24. Bf1 Rg8 25. Qb5 Bf6 26. Nb3 Rae8 27. Nc5 Bc8 28. Qb3 Rg7 29. Qa2 b6 30. Nb3 (30. Bb5 bxc5 31. Bxc6) 30... Bf5 31. Bb5 Rc8 32. Nb4 Nxb4 33. Bxb4 Bd7 34. Ba6 Rd8 {...g4 would now be deadly.} 35. a5 b5 36. Nc5 Bc6 {Dodges Nb7} 37. b3 f3 {Prevents Qe2.} 38. gxf3 exf3 {Hoping for ...Qh5.} 39. Qc2 (39. Qb1 $142 Re8 40. Rxe8+ Qxe8 41. Qd1) 39... Re8 40. Rf1 (40. Rxe8+ $142 Qxe8 41. Qd1) 40... Bd8 41. Bc8 Bxa5 42. Bxa5 (42. Qf5 $142 Qxf5 43. Bxf5 Bxb4 44. cxb4) 42... Rxc8 43. Kh1 Re8 {Prevents Re1} 44. Nd3 Qf5 {...Re4 is the strong threat.} 45. Qd1 Re2 46. Rg1 g4 {[%cal Og4g3] ( -> ...g3!)} 47. Rg3 Be8 48. Bd8 Bg6 49. Ne5 Qe4 50. Rg1 {[#]} g3 $1 {Black mates.} 51. hxg3 Rxf2 52. Rf1 Qe2 {Weighted Error Value: White=0.57/Black=0.31.  Mistake:       	White=7     	---        Inaccurate:     	White=2     	Black=4      OK:         	White=7     	Black=18     Best:        	White=3     	---        Strong:       	---       	Black=1} (52... Rxf1+ $142 53. Qxf1 f2+ 54. Kh2 Qe1 55. Nxg6+ Rxg6 56. Kg2 Rxg3+ (56... Qxc3 $2 57. Qxf2 Kg7 58. Be7 $19) 57. Kxg3 Qxf1 58. Bf6+ Kg8 59. Bh4 Qe2 (59... Qg1+ {gets mated.} 60. Kf4 f1=Q+ 61. Ke5 Qg6 62. Bf2 Qh1 63. Kf4 Qhe4#) 60. Kf4 f1=Q+ (60... f1=R+ {leads to mate.} 61. Bf2 Rxf2+ 62. Kg5 Qe3+ 63. Kg4 Qf4+ 64. Kh5 Rh2#) 61. Bf2 Qfxf2+ (61... Qexf2+ $2 62. Ke5 Qf6+ 63. Kxd5 Q1f5#) 62. Kg5 Qe7+ 63. Kh6 Qfh4#) 0-1